 Dungeon Crawl Stone Soup version 0.21.1-1-g345015fe64 (webtiles) character file.

11316 Freyura the Basher (level 11, -11/97 HPs)
             Began as a Minotaur Fighter on June 5, 2018.
             Was a Priest of Ashenzari.
             Mangled by a skeletal warrior
             ... wielding a +0 glaive
             ... led by a skeletal warrior
              (25 damage)
             ... on level 12 of the Dungeon.
             The game lasted 00:39:29 (10744 turns).

Freyura the Basher (Minotaur Fighter)              Turns: 10744, Time: 00:39:29

Health: -11/97     AC: 23    Str: 23    XL:     11   Next: 47%
Magic:  0/3        EV: 11    Int:  5    God:    Ashenzari [***...]
Gold:   365        SH: 13    Dex: 16    Spells: 10/10 levels left

rFire    . . .     SeeInvis +   j - +4 flail (antimagic) (curse)
rCold    . . .     Gourm    .   c - +0 shield (curse)
rNeg     . . .     Faith    .   G - +4 plate armour "Loipsi" {rPois} (curse)
rPois    +         Spirit   +   C - +2 hat (curse)
rElec    .         Reflect  .   L - scarf {Spirit}
rCorr    .         Harm     .   (no gloves)
MR       .....                  F - +0 pair of boots (curse)
Stlth    ..........             x - amulet of regeneration
HPRegen  0.66/turn              q - +3 ring of dexterity
MPRegen  0.08/turn              D - +2 ring of strength

@: no status effects
A: retaliatory headbutt, horns 2
a: Curse Item, Scrying, Renounce Religion


You were on level 12 of the Dungeon.
You worshipped Ashenzari.
Ashenzari was most pleased with you.
You were not hungry.

You visited 2 branches of the dungeon, and saw 13 of its levels.

You collected 907 gold pieces.
You spent 542 gold pieces at shops.

Inventory:

Hand Weapons
 j - a cursed +4 antimagic flail (weapon)
Armour
 c - a cursed +0 shield (worn)
 C - a cursed +2 hat (worn)
 F - a cursed +0 pair of boots (worn)
 G - the cursed +4 plate armour "Loipsi" (worn) {rPois}
   (You bought it in a shop on level 4 of the Dungeon)

   It protects you from poison.
   It has a curse placed upon it.
 L - a scarf of spirit shield (worn)
Jewellery
 a - an uncursed ring of positive energy
 m - an uncursed ring of flight
 q - a +3 ring of dexterity (left hand)
 x - an amulet of regeneration (around neck)
 B - an uncursed amulet of faith
 D - a +2 ring of strength (right hand)
 N - an uncursed ring of ice
Wands
 z - a wand of polymorph (42)
 A - a wand of flame (55)
 J - a wand of random effects (43)
Scrolls
 e - 3 scrolls of fear
 g - a scroll of identify
 i - 4 scrolls of remove curse
 k - 2 scrolls of blinking
 o - 4 scrolls of fog {unknown}
 r - 3 scrolls of enchant weapon {unknown}
 u - a scroll of immolation {unknown}
 v - 2 scrolls of magic mapping {unknown}
 w - 2 scrolls of random uselessness {unknown}
 y - 2 scrolls of noise {unknown}
 E - a scroll of enchant armour {unknown}
 I - 5 scrolls of teleportation {unknown}
 K - a scroll of summoning {unknown}
Potions
 b - 2 potions of heal wounds
 d - 3 potions of might
 h - 6 potions of curing
 l - a potion of flight
 n - 2 potions of invisibility
 p - 3 potions of lignification
 s - 2 potions of cancellation
 t - 3 potions of haste
 M - 2 potions of agility
 O - a potion of resistance {unknown}
Books
 H - a book of Frost

   Spells                             Type                      Level
   a - Freeze                         Ice                          1
   b - Throw Frost                    Conjuration/Ice              2
   c - Ozocubu's Armour               Charms/Ice                   3
   d - Throw Icicle                   Conjuration/Ice              4
   e - Summon Ice Beast               Ice/Summoning                4
Comestibles
 f - 11 rations


   Skills:
 + Level 9.6 Fighting
 * Level 12.7(15.2) Maces & Flails
 + Level 9.7(12.4) Armour
 + Level 8.1 Dodging
 + Level 9.6(11.4) Shields


You had 10 spell levels left.
You didn't know any spells.

Dungeon Overview and Level Annotations

Branches:
Dungeon (12/15)            Temple (1/1) D:6            Lair (0/6) D:8
    Orc (0/2) D:10

Altars:
Ashenzari
Cheibriados
Dithmenos
Elyvilon
Fedhas
Gozag
Hepliaklqana
Kikubaaqudgha
Makhleb
Nemelex Xobeh
Okawaru
Qazlal
Ru
Sif Muna
Trog
Uskayaw
Vehumet
Wu Jian
Xom
Yredelemnul
Zin
The Shining One
Beogh

Shops:
D:4 *(:([   D:7 (


Innate Abilities, Weirdness & Mutations

You reflexively headbutt those who attack you in melee.
You have a pair of horns on your head.


Message History

You barely miss the skeletal warrior. You headbutt the skeletal warrior!
The skeletal warrior is severely damaged.
You hit the skeletal warrior but do no damage.
The skeletal warrior is severely damaged.
You block the skeletal warrior's attack.
The skeletal warrior completely misses you.
You thump the skeletal warrior!
You headbutt the skeletal warrior, but do no damage.
The skeletal warrior is almost destroyed.
You barely miss the skeletal warrior.
You headbutt the skeletal warrior, but do no damage.
The skeletal warrior is almost destroyed.
The skeletal warrior hits you with a glaive.
* * * LOW HITPOINT WARNING * * *
The skeletal warrior closely misses you.
You hit the skeletal warrior but do no damage.
You headbutt the skeletal warrior, but do no damage.
The skeletal warrior is almost destroyed.
The skeletal warrior hits you with a glaive!!
You die...

######### #########
#.......####oo......
.........†@zzo......
,
#.......####zo......,
#.......# #o.......
#.......# #........,*
#.......# #........
#.......# #........ ,
#.......# #........ *
######.## #....!... *
####..# #.#* *


You could see 3 skeletal warriors and 4 orcs.

Vanquished Creatures
  2 two-headed ogres
  A skeletal warrior (D:12)
  A kobold demonologist (D:10)
  4 trolls
  3 hippogriffs
  A wyvern (D:8)
  A shadow (D:11)
  A hungry ghost (D:9)
  A soldier ant (D:10)
  The ghost of makkenr95 the Conjurer, an amateur KoCj (D:3)
  Duvessa (D:6)
  An ice beast (D:12)
  4 phantoms
  3 necrophages
  7 ogres
  2 black bears (D:8)
  7 orc warriors
  7 centaurs
  A crocodile (D:10)
  17 big kobolds (D:10)
  7 bullfrogs
  A gnoll sergeant (D:10)
  Blork the orc (D:6)
  Dowan (D:6)
  A wyvern skeleton (D:9)
  3 killer bees (D:7)
  2 jellies (D:7)
  5 wights (D:11)
  6 howler monkeys
  2 crimson imps
  A bullfrog zombie (D:9)
  A quasit (D:8)
  A centaur zombie (D:11)
  6 hounds
  3 centaur skeletons
  6 orc priests
  A gnoll shaman (D:6)
  A bullfrog skeleton (D:9)
  6 iguanas
  Natasha (thrice) (D:2)
  7 orc wizards
  7 worker ants
  A hound skeleton (D:5)
  2 worker ant zombies
  8 gnolls
  12 adders
  4 shadow imps
  An ooze (D:3)
  An adder skeleton (D:4)
  2 worms (D:2)
  4 dart slugs
  3 leopard geckos
  41 orcs
  3 ball pythons
  2 giant cockroaches
  12 goblins
  16 hobgoblins
  18 jackals
  8 quokkas
  6 bats
  5 frilled lizards
  17 kobolds
  2 quokka zombies
  9 rats
  A plant (D:1)
316 creatures vanquished.

Vanquished Creatures (others)
  5 fungi (D:8)
5 creatures vanquished.

Grand Total: 321 creatures vanquished

Notes
Turn   | Place    | Note
-------+----------+-------------------------------------------
     0 | D:1      | Freyura the Minotaur Fighter began the quest for the Orb.
     0 | D:1      | Reached XP level 1. HP: 19/19 MP: 0/0
   154 | D:1      | Reached XP level 2. HP: 22/27 MP: 1/1
   166 | D:1      | Reached skill level 3 in Maces & Flails
   377 | D:1      | Reached skill level 1 in Dodging
   881 | D:2      | Noticed an air elemental
   882 | D:2      | Found a stormy altar of Qazlal.
   884 | D:2      | Noticed a fire elemental
   884 | D:2      | Noticed an earth elemental
   884 | D:2      | Noticed a water elemental
   902 | D:2      | Reached XP level 3. HP: 31/33 MP: 2/2
  1361 | D:2      | Noticed Natasha
  1368 | D:2      | Killed Natasha
  1368 | D:2      | Reached XP level 4. HP: 24/40 MP: 3/3
  1468 | D:2      | Noticed Natasha
  1475 | D:2      | Killed Natasha
  1475 | D:2      | Reached skill level 4 in Maces & Flails
  1830 | D:2      | Noticed Natasha
  1835 | D:2      | Killed Natasha
  1835 | D:2      | Reached XP level 5. HP: 26/47 MP: 4/4
  2083 | D:3      | Noticed makkenr95's ghost (amateur KoCj)
  2091 | D:3      | Killed makkenr95's ghost
  2091 | D:3      | Reached skill level 5 in Maces & Flails
  2091 | D:3      | Reached XP level 6. HP: 29/53 MP: 5/5
  2197 | D:3      | Found a roughly hewn altar of Beogh.
  2793 | D:3      | Reached skill level 5 in Shields
  3021 | D:4      | Found a basalt altar of Yredelemnul.
  3028 | D:4      | Reached skill level 5 in Fighting
  3032 | D:4      | Reached skill level 5 in Armour
  3082 | D:4      | Reached XP level 7. HP: 46/61 MP: 6/6
  3230 | D:4      | Reached skill level 6 in Maces & Flails
  3327 | D:4      | Found Quxoq's Book Boutique.
  3331 | D:4      | Found Amif's Armour Boutique.
  3347 | D:4      | Found a blossoming altar of Fedhas.
  3356 | D:4      | Found a glowing golden altar of the Shining One.
  3357 | D:4      | Found a sparkling altar of Nemelex Xobeh.
  3359 | D:4      | Found a white marble altar of Elyvilon.
  3360 | D:4      | Found a snail-covered altar of Cheibriados.
  3396 | D:4      | Found Osune's Weapon Shop.
  3562 | D:4      | Found Hofe's General Store.
  3572 | D:4      | Found Naseus's Antique Weapon Boutique.
  3642 | D:5      | Entered Level 5 of the Dungeon
  3869 | D:5      | HP: 1/61 [orc warrior/halberd (4)]
  4193 | D:5      | Reached XP level 8. HP: 70/70 MP: 7/7
  4257 | D:5      | Reached skill level 7 in Maces & Flails
  4613 | D:6      | Noticed Duvessa
  4613 | D:6      | Noticed Blork the orc
  4614 | D:6      | Noticed Dowan
  4624 | D:6      | Killed Blork the orc
  4625 | D:6      | Killed Duvessa
  4631 | D:6      | Killed Dowan
  4631 | D:6      | Reached skill level 8 in Maces & Flails
  4635 | D:6      | HP: 3/71 [bullfrog (5)]
  5221 | D:6      | HP: 2/71 [ogre/giant spiked club (33)]
  5232 | D:6      | Found a staircase to the Ecumenical Temple.
  5237 | Temple   | Entered the Ecumenical Temple
  5288 | Temple   | Became a worshipper of Ashenzari the Shackled
  5753 | D:7      | Reached XP level 9. HP: 78/78 MP: 2/8
  5770 | D:7      | Reached skill level 5 in Dodging
  6007 | D:7      | Found Viup's Antique Weapon Shop.
  6072 | D:7      | Reached skill level 9 in Maces & Flails
  6222 | D:7      | Reached * piety under Ashenzari
  6986 | D:8      | Found a deep blue altar of Sif Muna.
  7159 | D:8      | Reached skill level 10 in Maces & Flails
  7397 | D:8      | Noticed a two-headed ogre
  7406 | D:8      | Killed a two-headed ogre
  7406 | D:8      | Reached XP level 10. HP: 42/88 MP: 3/9
  7591 | D:8      | Reached ** piety under Ashenzari
  7617 | D:8      | Found a staircase to the Lair.
  7832 | D:4      | Bought the +4 plate armour "Loipsi" {rPois} for 542 gold pieces
  8751 | D:9      | Found a hide-covered altar of Uskayaw.
  8754 | D:9      | Found an opulent altar of Gozag.
  8757 | D:9      | Found a bloodstained altar of Trog.
  8760 | D:9      | Found a hazy altar of Hepliaklqana.
  8890 | D:9      | Reached *** piety under Ashenzari
  8947 | D:9      | Found a sacrificial altar of Ru.
  9035 | D:9      | Found a hazy altar of Hepliaklqana.
  9089 | D:10     | Entered Level 10 of the Dungeon
  9113 | D:10     | Reached skill level 11 in Maces & Flails
  9225 | D:10     | Found a staircase to the Orcish Mines.
  9447 | D:10     | Reached XP level 11. HP: 84/97 MP: 3/10
  9462 | D:10     | Reached skill level 12 in Maces & Flails
  9896 | D:11     | Noticed a two-headed ogre
  9903 | D:11     | Killed a two-headed ogre
 10142 | D:11     | Reached **** piety under Ashenzari
 10699 | D:12     | Noticed a skeletal warrior
 10699 | D:12     | Noticed a skeletal warrior
 10699 | D:12     | Noticed a skeletal warrior
 10699 | D:12     | Noticed a skeletal warrior
 10733 | D:12     | Killed a skeletal warrior
 10744 | D:12     | Mangled by a skeletal warrior

Skill      XL: |  1  2  3  4  5  6  7  8  9 10 11 |
---------------+----------------------------------+-----
Maces & Flails | 3 4 5 6 8 10 11 12 | 12.7
Dodging        | 1 2 3 4 6 7 8 |  8.1
Fighting       | 4 5 6 8 9 |  9.6
Armour         | 4 5 6 8 9 |  9.7
Shields        | 4 5 6 8 9 |  9.6

Action                   |  1- 3 |  4- 6 |  7- 9 | 10-12 || total
-------------------------+-------+-------+-------+-------++-------
Melee: Flail             |   133 |   150 |   365 |   347 ||   995
       Headbutt          |    22 |    20 |    73 |   103 ||   218
Invok: Curse Item        |       |       |     2 |     3 ||     5
  Use: Scroll            |       |     3 |     2 |     5 ||    10
       Potion            |       |     1 |     4 |       ||     5
  Eat: Ration            |     2 |       |     4 |     4 ||    10
       Chunk             |       |       |       |     2 ||     2
Armor: Scale mail        |    32 |    61 |   107 |       ||   200
       Plate armour      |       |       |       |   110 ||   110
Dodge: Dodged            |    33 |    48 |   137 |    79 ||   297
Block: Shield            |    45 |    86 |   184 |   181 ||   496
